 Dungeon Crawl Stone Soup version 0.27-a0-242-ge0fc76b88b (webtiles) character file.

Game seed: 5144417982346243241

75159 Borgoz the Bludgeoner (level 15, -3/148 HPs)
             Began as a Gargoyle Berserker on Feb 2, 2021.
             Was the Champion of Trog.
             Killed by divine providence
             ... invoked by an orc high priest
              (15 damage)
             ... on level 2 of the Orcish Mines.
             The game lasted 00:35:54 (20302 turns).

Borgoz the Bludgeoner (Gargoyle Berserker)         Turns: 20302, Time: 00:35:55

Health: -3/148     AC: 46    Str: 21      XL:     15   Next: 49%
Magic:  15/15      EV: 13    Int: 13 (15) God:    Trog [******]
Gold:   1882       SH:  5    Dex: 20      Spells: 14/14 levels left

rFire    + + .     SeeInvis +   H - +5 eveningstar (vorpal)
rCold    . . .     Faith    .   (no shield)
rNeg     + + .     Spirit   .   A - +9 plate armour of Dogma {rElec rF+ Regen+}
rPois    ∞         Reflect  +   g - +2 helmet {SInv}
rElec    +         Harm     .   e - +1 cloak
rCorr    .         Rampage  .   (no gloves)
Will     +....                  h - +2 pair of boots
Stlth    ..........             B - amulet "Fytimop" {Reflect Int+2 SH+5}
HPRegen  0.74/turn              p - ring "Gaj Qie" {+Inv rPois rF+ rN+ Int+4 SInv}
MPRegen  0.14/turn              G - +6 ring of dexterity

@: berserking (expiring), flying, very quick
A: big wings, negative energy resistance 1, electricity resistance, unbreathing,
petrification resistance, miasma immunity, AC +11
a: Stop Flying, Renounce Religion, Evoke Invisibility, Berserk, Trog's Hand,
Brothers in Arms


You were on level 2 of the Orcish Mines.
You worshipped Trog.
Trog was exalted by your worship.
You visited 4 branches of the dungeon, and saw 20 of its levels.
You also visited: Sewer, Ossuary and Ice Cave.

You collected 2335 gold pieces.
You spent 453 gold pieces at shops.

Inventory:

Hand Weapons
 H - a +5 vorpal eveningstar (weapon)
 M - a +4 great mace of flaming
Armour
 e - a +1 cloak (worn)
 g - a +2 helmet of see invisible (worn)
 h - a +2 pair of boots (worn)
 A - the +9 plate armour of Dogma (worn) {rElec rF+ Regen+}
   (You found it on level 10 of the Dungeon)

   It protects you from fire.
   It insulates you from electricity.
   It increases your rate of regeneration.
 I - a +1 scale mail of cold resistance
Jewellery
 f - an uncursed amulet of regeneration
 p - the ring "Gaj Qie" (left hand) {+Inv rPois rF+ rN+ Int+4 SInv}
   (You found it on level 4 of the Dungeon)

   [ring of see invisible]

   It affects your intelligence (+4).
   It protects you from fire.
   It protects you from poison.
   It protects you from negative energy.
   It lets you see invisible.
   It lets you turn invisible.
 s - an uncursed ring of positive energy
 x - a +6 ring of dexterity
 z - an uncursed ring of protection from fire
 B - the amulet "Fytimop" (around neck) {Reflect Int+2 SH+5}
   (You bought it in a shop on level 8 of the Dungeon)

   [amulet of reflection]

   It shields you and reflects attacks.
   It affects your intelligence (+2).
   It affects your SH (+5).
 F - an uncursed ring of resist corrosion
 G - a +6 ring of dexterity (right hand)
Wands
 c - a wand of iceblast (4)
 k - a wand of paralysis (7)
 t - a wand of flame (53)
 u - a wand of mindburst (25)
 y - a wand of acid (20)
Scrolls
 a - 6 scrolls of blinking
 d - 10 scrolls of teleportation
 i - 4 scrolls of magic mapping
 l - 8 scrolls of remove curse
 v - a scroll of fear
 C - 2 scrolls of fog
 E - 6 scrolls of enchant armour
 J - a scroll of holy word
 L - 2 scrolls of identify
Potions
 b - 10 potions of curing
 j - 6 potions of might
 m - 2 potions of ambrosia
 n - 9 potions of heal wounds
 o - 5 potions of magic
 r - 2 potions of berserk rage
 w - 5 potions of haste
 D - 2 potions of resistance
 K - a potion of invisibility


   Skills:
 + Level 13.4 Fighting
 * Level 16.6 Maces & Flails
 + Level 13.2 Armour
 + Level 10.5 Dodging


You had 14 spell levels left.
You didn't know any spells.
Your spell library was empty.

Dungeon Overview and Level Annotations

Branches:
Dungeon (11/15)            Temple (1/1) D:5            Lair (6/6) D:9
 Shoals (0/4) Lair:4       Spider (0/4) Lair:3        Slime (0/5) Lair:6
    Orc (2/2) D:10            Elf (0/3) Orc:2         Sewer (visited)
Ossuary (visited)           IceCv (visited)

Altars:
Ashenzari
Cheibriados
Dithmenos
Elyvilon
Fedhas
Gozag
Hepliaklqana
Kikubaaqudgha
Makhleb
Nemelex Xobeh
Okawaru
Qazlal
Ru
Sif Muna
Trog
Uskayaw
Vehumet
Wu Jian
Xom
Yredelemnul
Zin
The Shining One
Beogh

Shops:
D:5 =   D:8 =   Orc:2 *

Portals:
Trove: D:11 (give 5 scrolls of fog)

Annotations:
Orc:2 Saint Roka


Innate Abilities, Weirdness & Mutations

You are resistant to torment.
Your stone body is resilient. (AC +11)
You are immune to poison.
Your large and strong wings let you fly indefinitely.
You resist negative energy. (rN+)
You are resistant to electric shocks. (rElec)
You can survive without breathing.
You are immune to petrification.
You are immune to miasma.


Message History

The warg bites you but does no damage.
You puncture the warg!
You kill the warg!
Trog accepts your kill.
The orc warrior hits you but does no damage.
You block the orc warrior's attack.
You sock the ice devil!
The ice devil is moderately wounded.
You block the sixfirhy's attack.
The chaos spawn hits you but does no damage.
The hellwing swoops through the air toward you!
The hellwing hits you but does no damage. x2
You block the sixfirhy's attack.
The orc no longer looks unusually strong.
The sixfirhy barely misses you.
The orc knight roars a battlecry!
The orcs go into a battle-frenzy!
The orc high priest calls down the wrath of Beogh upon you.
Beogh smites you!
You die...

#.).##........###
#)###........##.#############
...........#................###
.................##########...##
.#..).........#.##*,,,*,,,###..##
................# *,,,#,,,**##..#
...............####,,o#,,,**∩#..#
.#.............#48##o###'#*8,##.#
.............8))@34o.o3o..,,,,#.#
#####..........'†4)ooo8o..,,,_#.#
#...##.......8.'...oooo...,,,,#.#
.....#......#..#.8##'###'#*8,##.#
)._..#.......#.####,o.#,,.**∩#..#
)....#...#......# *,..#,,,**##...
#...##..####.##.##*,,.#,,,###....
#####..##.#####..##########......
............####.................


You could see Saint Roka (strong), an orc knight (strong), a soul eater
(summoned), 2 orc high priests, a hellwing (summoned), an ice devil (summoned),
a sixfirhy (summoned), a chaos spawn (summoned), 3 orc warriors, an orc wizard
(strong, invisible) and 4 orcs.

Vanquished Creatures
  Kirke (Lair:4)
  Snorg (Lair:4)
  2 dire elephants
  4 hydras
  A merfolk avatar (Lair:6)
  A catoblepas (Lair:3)
  4 two-headed ogres
  6 death yaks (Lair:6)
  An orc high priest (Orc:2)
  Urug (Lair:1)
  The ghost of sanka the Covert, a novice SpEn of Ru (D:8)
  A sea snake (Lair:6)
  The ghost of jaime the Ducker, a novice TrFi (D:6)
  A wizard (D:10)
  Pikel (D:6)
  A harpy (Lair:6)
  A lindwurm (Lair:1)
  3 orc knights
  An orc sorcerer (Orc:2)
  3 ugly things
  5 oklob plants
  A torpor snail (Lair:6)
  A merfolk siren (Lair:4)
  18 elephants
  4 black mambas
  2 ice statues (IceCv)
  12 cane toads
  A centaur skeleton (D:10)
  Maggie (D:10)
  15 komodo dragons
  5 rime drakes
  A kobold demonologist (D:11)
  The ghost of Megustar the Conjurer, a novice DEAE (D:6)
  2 ice devils (Orc:1)
  2 trolls
  9 polar bears
  Grinder (D:3)
  20 blink frogs
  2 wind drakes (Lair:6)
  3 hornets (Lair:6)
  6 slime creatures (D:10)
  7 dream sheep (Lair:6)
  The ghost of Megustar the Firebug, an amateur DEFE (D:5)
  A vampire (D:10)
  46 yaks
  2 humans (D:7)
  4 wyverns
  4 basilisks
  6 wargs
  23 water moccasins
  25 orc warriors
  10 ice beasts
  3 sky beasts
  An eye of draining (D:8)
  3 black bears
  13 ogres
  18 wolves
  8 centaurs
  4 phantoms
  4 big kobolds
  10 bullfrogs
  A wyvern skeleton (D:11)
  7 scorpions
  23 wights
  An electric eel (Lair:1)
  4 howler monkeys
  7 centaur zombies (Ossuary)
  A quasit (D:8)
  A bullfrog zombie (D:7)
  11 hounds
  6 jellies
  14 orc priests
  A gnoll shaman (D:6)
  Crazy Yiuf (D:5)
  2 bullfrog skeletons (D:11)
  4 iguanas
  Ijyb (D:3)
  7 worker ants
  17 orc wizards
  Natasha (twice) (D:2)
  A big kobold zombie (Ossuary)
  A hound zombie (D:7)
  3 hound skeletons
  A howler monkey zombie (D:7)
  4 mummies
  A worker ant zombie (D:5)
  3 howler monkey skeletons
  16 adders
  7 gnolls
  3 scorpion zombies (Ossuary)
  2 shadow imps
  3 white imps
  2 ufetubi
  5 oozes
  An adder zombie (D:10)
  4 adder skeletons
  3 worms
  The ghost of tsouns the Sneak, a weakling HODe (D:4)
  2 dart slugs
  6 leopard geckos
  60 orcs
  6 giant cockroaches
  11 goblins
  12 hobgoblins
  17 jackals
  3 quokkas
  4 ball pythons
  12 bats
  5 frilled lizards
  A goblin zombie (D:8)
  A hobgoblin zombie (D:8)
  2 jackal skeletons
  26 kobolds
  4 kobold zombies (Ossuary)
  A leopard gecko skeleton (D:5)
  An orc zombie (Ossuary)
  10 rats
697 creatures vanquished.

Vanquished Creatures (others)
  A human (Lair:4)
  A kobold zombie (Ossuary)
  A bush (Lair:3)
  34 fungi
  59 plants
  3 toadstools (Lair:1)
99 creatures vanquished.

Grand Total: 796 creatures vanquished

Notes
Turn   | Place    | Note
-------+----------+-------------------------------------------
     0 | D:1      | Borgoz the Gargoyle Berserker began the quest for the Orb.
     0 | D:1      | Reached XP level 1. HP: 14/14 MP: 1/1
   160 | D:1      | Reached XP level 2. HP: 17/19 MP: 2/2
   316 | D:1      | You fall into a shaft and drop 1 floor!
   365 | D:2      | Reached XP level 3. HP: 23/23 MP: 3/3
   613 | D:2      | Reached XP level 4. HP: 28/29 MP: 4/4
   765 | D:2      | Reached skill level 4 in Maces & Flails
   768 | D:2      | Reached ** piety under Trog
   845 | D:2      | Found a sparkling altar of Nemelex Xobeh.
  1614 | D:2      | Noticed Natasha
  1618 | D:2      | Killed Natasha
  1619 | D:2      | Reached XP level 5. HP: 29/33 MP: 5/5
  2071 | D:2      | Found a faded altar of an unknown god.
  2168 | D:2      | Reached *** piety under Trog
  2169 | D:2      | Reached XP level 6. HP: 28/38 MP: 6/6
  2174 | D:2      | Noticed Natasha
  2191 | D:2      | Killed Natasha
  2226 | D:3      | Reached skill level 5 in Maces & Flails
  2242 | D:3      | Noticed Grinder
  2254 | D:3      | Paralysed by Grinder for 3 turns
  2280 | D:3      | Paralysed by Grinder for 2 turns
  2295 | D:3      | Killed Grinder
  2296 | D:3      | Reached XP level 7. HP: 12/44 MP: 7/7
  2308 | D:3      | Noticed Ijyb
  2324 | D:3      | Killed Ijyb
  2332 | D:3      | Reached skill level 5 in Fighting
  2403 | D:3      | Found a glowing drain.
  2437 | Sewer    | Entered a sewer
  2521 | Sewer    | Reached skill level 6 in Maces & Flails
  2576 | Sewer    | Found a white marble altar of Elyvilon.
  3141 | D:4      | Found a runed translucent gate.
  3143 | D:4      | Found a runed translucent gate.
  3151 | D:4      | Reached XP level 8. HP: 49/49 MP: 8/8
  3151 | D:4      | Found a runed translucent gate.
  3154 | D:4      | Noticed tsouns's ghost (weakling HODe)
  3242 | D:4      | Killed tsouns's ghost
  3249 | D:4      | Got a twitching pewter ring
  3250 | D:4      | Identified the ring "Gaj Qie" {+Inv rPois rF+ rN+ Int+4
                  | SInv} (You found it on level 4 of the Dungeon)
  3451 | D:4      | Reached **** piety under Trog
  3459 | D:4      | Found a snail-covered altar of Cheibriados.
  3523 | D:5      | Entered Level 5 of the Dungeon
  3532 | D:5      | Reached skill level 5 in Armour
  3637 | D:5      | Found a runed translucent door.
  3638 | D:5      | Noticed Crazy Yiuf
  3646 | D:5      | Killed Crazy Yiuf
  3734 | D:5      | Found a runed translucent gate.
  3734 | D:5      | Found a runed translucent gate.
  3736 | D:5      | Found a runed translucent gate.
  3738 | D:5      | Noticed Megustar's ghost (amateur DEFE)
  3838 | D:5      | Reached skill level 7 in Maces & Flails
  3998 | D:5      | Found a staircase to the Ecumenical Temple.
  4011 | Temple   | Entered the Ecumenical Temple
  4594 | D:5      | Found Jetuk's Jewellery Shop.
  4666 | D:5      | Found a stormy altar of Qazlal.
  4785 | D:5      | Reached XP level 9. HP: 49/55 MP: 9/9
  4988 | D:5      | Killed Megustar's ghost
  5003 | D:5      | Reached skill level 8 in Maces & Flails
  5240 | D:6      | Noticed Pikel
  5254 | D:6      | Killed Pikel
  5255 | D:6      | Reached skill level 5 in Dodging
  5439 | D:6      | Found a runed translucent gate.
  5439 | D:6      | Found a runed translucent gate.
  5441 | D:6      | Found a runed translucent gate.
  5443 | D:6      | Noticed Megustar's ghost (novice DEAE)
  5443 | D:6      | Noticed jaime's ghost (novice TrFi)
  5458 | D:6      | Killed Megustar's ghost
  5459 | D:6      | Reached skill level 9 in Maces & Flails
  5473 | D:6      | Killed jaime's ghost
  5474 | D:6      | Reached XP level 10. HP: 31/63 MP: 10/10
  5658 | D:6      | Found a white marble altar of Elyvilon.
  6404 | D:7      | Reached ***** piety under Trog
  6647 | D:7      | Found an iron altar of Okawaru.
  6981 | D:7      | Reached skill level 10 in Maces & Flails
  7280 | D:8      | Noticed a two-headed ogre
  7294 | D:8      | Killed a two-headed ogre
  7523 | D:8      | Found Joagustris's Jewellery Shop.
  7551 | D:8      | Found a runed translucent gate.
  7552 | D:8      | Noticed sanka's ghost (novice SpEn)
  7555 | D:8      | Found a runed translucent gate.
  7556 | D:8      | Found a runed translucent gate.
  7582 | D:8      | Found a sand-covered staircase.
  7590 | Ossuary  | Entered an ossuary
  8098 | D:8      | Reached XP level 11. HP: 69/69 MP: 11/11
  8250 | D:8      | Found a radiant altar of Vehumet.
  8705 | D:8      | Found a roughly hewn altar of Beogh.
  8888 | D:8      | Killed sanka's ghost
  8889 | D:8      | Reached skill level 11 in Maces & Flails
  8950 | D:8      | Bought the amulet "Fytimop" {Reflect Int+2 SH+5} for 453
                  | gold pieces
  9135 | D:9      | Found a radiant altar of Vehumet.
  9304 | D:9      | Found a staircase to the Lair.
  9729 | D:10     | Entered Level 10 of the Dungeon
 10037 | D:10     | Found a staircase to the Orcish Mines.
 10101 | D:10     | Noticed Maggie
 10116 | D:10     | Killed Maggie
 10390 | D:10     | Noticed a wizard
 10409 | D:10     | Killed a wizard
 10451 | D:10     | Reached ****** piety under Trog
 10668 | D:10     | Got a faintly humming plate armour
 10679 | D:10     | Identified the +9 plate armour of Dogma {rElec rF+ Regen+}
                  | (You found it on level 10 of the Dungeon)
 11247 | D:11     | Received a gift from Trog
 11257 | D:11     | Reached skill level 12 in Maces & Flails
 11257 | D:11     | Noticed a two-headed ogre
 11270 | D:11     | Killed a two-headed ogre
 11342 | D:11     | Reached XP level 12. HP: 77/77 MP: 12/12
 11353 | D:11     | Reached skill level 10 in Fighting
 11558 | D:11     | Found a portal to a secret trove of treasure.
 12049 | D:11     | Noticed a two-headed ogre
 12059 | D:11     | Killed a two-headed ogre
 12060 | D:11     | Reached skill level 10 in Armour
 12178 | Lair:1   | Entered Level 1 of the Lair of Beasts
 12197 | Lair:1   | Noticed a seven-headed hydra
 12204 | Lair:1   | Killed a seven-headed hydra
 12375 | Lair:1   | Reached skill level 13 in Maces & Flails
 12645 | Lair:1   | Noticed Urug
 12665 | Lair:1   | Killed Urug
 12763 | Lair:1   | Noticed a dire elephant
 12786 | Lair:1   | Found a runed translucent door.
 13216 | Lair:1   | Killed a dire elephant
 13236 | Lair:1   | Received a gift from Trog
 13501 | Lair:2   | Reached XP level 13. HP: 84/84 MP: 13/13
 14778 | Lair:3   | Reached skill level 14 in Maces & Flails
 15044 | Lair:3   | Found a hole to the Spider Nest.
 15415 | Lair:4   | Noticed Kirke
 15431 | Lair:4   | Killed Kirke
 15799 | Lair:4   | Noticed Snorg
 15814 | Lair:4   | Killed Snorg
 15831 | Lair:4   | Received a gift from Trog
 15848 | Lair:4   | Gained mutation: Your large and strong wings let you fly
                  | indefinitely. [Gargoyle growth]
 15848 | Lair:4   | Reached XP level 14. HP: 72/92 MP: 14/14
 16328 | Lair:4   | Found a staircase to the Shoals.
 16656 | Lair:5   | Reached skill level 15 in Maces & Flails
 17266 | Lair:6   | Entered Level 6 of the Lair of Beasts
 17514 | Lair:6   | Found a staircase to the Slime Pits.
 17630 | Lair:6   | Received a gift from Trog
 17782 | Lair:6   | Noticed a dire elephant
 17791 | Lair:6   | Killed a dire elephant
 17867 | Lair:6   | Reached skill level 10 in Dodging
 18057 | Lair:6   | Reached skill level 16 in Maces & Flails
 18150 | Lair:6   | Reached XP level 15. HP: 98/98 MP: 15/15
 18848 | Orc:1    | Entered Level 1 of the Orcish Mines
 18852 | Orc:2    | Entered Level 2 of the Orcish Mines
 18974 | Orc:1    | Found a frozen archway.
 18990 | IceCv    | Entered an ice cave
 18990 | IceCv    | Found the +2 Maxwell's thermic engine {flame, freeze}
 19041 | IceCv    | Found a transporter.
 19059 | IceCv    | Found a transporter.
 19518 | Orc:2    | Found a staircase to the Elven Halls.
 19801 | Orc:2    | Found a roughly hewn altar of Beogh.
 19802 | Orc:2    | Found Keteo's Assorted Antiques.
 19963 | Orc:2    | Found a roughly hewn altar of Beogh.
 20001 | Orc:2    | Found a roughly hewn altar of Beogh.
 20111 | Orc:2    | Found a roughly hewn altar of Beogh.
 20125 | Orc:2    | Received a gift from Trog
 20270 | Orc:2    | Noticed Saint Roka
 20302 | Orc:2    | Killed from afar by an orc high priest

Illustrated notes

Levels and vault maps discovered:
D:1:      scummos_arrival_hexagon, layout_loops_ring, supply_closet_lemuel
D:2:      layout_loops_ring, nemelex_xobeh_ov_fountains_minmay,
          chequers_ecumenical_altar_lobes, minmay_puff, uniq_natasha
D:3:      layout_rooms, portal_sewer_entry_c, uniq_grinder, uniq_ijyb
D:4:      layout_basic, kennysheep_slug_shrine, ebering_ghost_rock_garden
D:5:      layout_basic, nicolae_qazlal_eye_of_the_storm,
          minmay_temple_entry_drinking_statues, serial_shops, kennysheep_mini,
          gammafunk_ghost_necromancy, grunt_decor_arrowhead, dk_noncrumbling_3,
          uniq_crazy_yiuf_cottage
D:6:      layout_basic, elyvilon_altar_4, gammafunk_ghost_cemetery,
          dk_noncrumbling_2, uniq_pikel
D:7:      layout_cave_pools, okawaru_humans, serial_rivers,
          chequers_serial_rivers_marsh, chequers_serial_rivers_micro_d,
          chequers_serial_rivers_small_a, chequers_serial_rivers_room_a,
          chequers_serial_rivers_small_3, minmay_alternating_orb
D:8:      layout_basic, basic_altar, biasface_ghost_orc_armoury,
          nicolae_ossuary_entry_giza, serial_shops, kennysheep_mini_moat
D:9:      layout_rooms, nicolae_overflow_crystal_walls, david_lair_shrubbed
D:10:     layout_stronghold, orc_0_dummy, uniq_maggie
D:11:     layout_long_grid, enter_trove_6, minmay_misc_feat_plants
Temple:   nicolae_temple_elliptical
Lair:1:   gammafunk_lair_enchanted_lake, layout_regular_city, uniq_urug
Lair:2:   layout_chaotic_city, grunt_megastairs_4
Lair:3:   layout_cave_shapes, dummy_spider_entry, wad_woods_road_04
Lair:4:   layout_cellular_growth, elwin_shoals_entry_rooms, uniq_kirke,
          uniq_snorg
Lair:5:   layout_regular_city
Lair:6:   gammafunk_lair_ancient_temple, layout_regular_city,
          nicolae_slime_entry_slimehenge, minmay_lair_oklob_chamber
Orc:1:    layout_caves, portal_ice_cave_demonic_guard
Orc:2:    grunt_orc_community_town_hall, layout_diamond_mine,
          grunt_orc_community_big_house_1, grunt_orc_community_big_house_1,
          grunt_orc_community_house_1, grunt_orc_community_house_2,
          grunt_orc_community_house_3, grunt_orc_community_house_1,
          grunt_orc_community_house_3, grunt_orc_community_house_1,
          biasface_ghost_orc_armoury, minmay_orc_temple_a

Skill      XL: |  1  2  3  4  5  6  7  8  9 10 11 12 13 14 15 |
---------------+----------------------------------------------+-----
Dodging        | 2 3 4 5 6 7 8 9 10 | 10.5
Maces & Flails | 4 5 6 7 9 10 12 13 14 16 | 16.6
Armour         | 3 4 5 7 8 9 10 11 12 13 | 13.2
Fighting       | 4 5 6 7 8 9 11 12 13 | 13.4

Action                   |  1- 3 |  4- 6 |  7- 9 | 10-12 | 13-15 || total
-------------------------+-------+-------+-------+-------+-------++-------
Melee: Mace              |    57 |       |       |       |       ||    57
       Flail             |    39 |   253 |   398 |   858 |       ||  1548
       Dire flail        |       |       |       |   255 |       ||   255
       Eveningstar       |       |       |       |    49 |  1066 ||  1115
       Great mace        |       |       |       |       |    34 ||    34
Invok: Berserk           |     1 |     3 |     7 |    10 |    14 ||    35
       Trog's Hand       |       |     3 |     2 |       |       ||     5
 Abil: Fly               |       |       |       |       |     1 ||     1
  Use: Potion            |       |     2 |       |       |       ||     2
       Scroll            |       |     2 |    10 |    16 |    13 ||    41
 Stab: Sleeping          |       |       |       |     2 |       ||     2
Armor: Ring mail         |    57 |   260 |   100 |       |       ||   417
       Leather armour    |       |       |   116 |   341 |       ||   457
       Plate armour      |       |       |       |   224 |   868 ||  1092
Dodge: Dodged            |    82 |   279 |   334 |   741 |   802 ||  2238
Block: Other             |       |       |       |   129 |   308 ||   437
       Reflection        |       |       |       |     2 |     1 ||     3

Table legend: (Time is in decaauts)
 A = Elapsed time spent in this place.
 B = Non-inter-level travel time spent in this place.
 C = Inter-level travel time spent in this place.
 D = Time resting spent in this place.
 E = Time spent auto-exploring this place.
 F = Levels seen in this place.
 G = Mean time per level.
                   A        B        C        D        E       F      G
               +--------+--------+--------+--------+--------+-----+--------+
         Total |  20285 |  19504 |    781 |   2534 |  11894 |  23 |  882.0 |
       Dungeon |  11478 |  11077 |    401 |   1730 |   6276 |  11 | 1043.5 |
        Temple |    172 |    144 |     28 |      0 |    144 |   1 |  172.0 |
          Lair |   6555 |   6218 |    337 |    605 |   4399 |   6 | 1092.5 |
  Orcish Mines |   1167 |   1153 |     14 |     69 |    681 |   2 |  583.5 |
         Sewer |    211 |    211 |      0 |      0 |    149 |   1 |  211.0 |
       Ossuary |    469 |    469 |      0 |      0 |    244 |   1 |  469.0 |
      Ice Cave |    229 |    229 |      0 |    128 |      0 |   1 |  229.0 |
               +--------+--------+--------+--------+--------+-----+--------+

Top non-repeatable levels by time:
    D:10: 1458 daAuts
     D:2: 1389 daAuts
     D:5: 1383 daAuts
  Lair:6: 1380 daAuts
  Lair:1: 1350 daAuts
     D:6: 1272 daAuts
     D:8: 1188 daAuts
  Lair:4: 1127 daAuts
  Lair:3: 1065 daAuts
     D:7: 950 daAuts
    D:11: 936 daAuts
  Lair:2: 907 daAuts
   Orc:2: 907 daAuts
     D:1: 851 daAuts
     D:9: 810 daAuts
